 Dungeon Crawl Stone Soup version 0.31-a0-1612-g4aaf141004 (webtiles) character file.

Game seed: 3537540566655526103

4790 MisterAzrael the Destroyer (level 10, -4/48 (50) HPs)
             Began as a Deep Elf Earth Elementalist on Jan 10, 2024.
             Was a Priest of Sif Muna.
             Slain by a wight
             ... wielding a +5 morningstar of freezing
              (5 damage)
             ... on level 9 of the Dungeon.
             The game lasted 00:29:24 (10724 turns).

MisterAzrael the Destroyer (DEEE)                  Turns: 10724, Time: 00:29:25

HP:   -4/48 (50)    AC:  6    Str:  5    XL:     10   Next: 24%
MP:   18/26         EV: 12    Int: 25    God:    Sif Muna [***...]
Gold: 645           SH:  0    Dex: 15    Spells: 14/29 levels left

rFire   . . .        v - +0 rapier
rCold   . . .        (no shield)
rNeg    . . .        a - +0 robe
rPois   .            (no helmet)
rElec   .            (no cloak)
rCorr   .            (no gloves)
SInv    .            (no boots)
Will    +....        t - amulet of magic regeneration
Stlth   ++           m - ring of wizardry
HPRegen 0.28/turn    k - +4 ring of protection
MPRegen 0.60/turn

%: wizardry (x1)
@: lightly drained
A: no striking features
a: Renounce Religion, Channel Magic, Forget Spell


You were on level 9 of the Dungeon.
You worshipped Sif Muna.
Sif Muna was most pleased with you.
You visited 2 branches of the dungeon, and saw 10 of its levels.

You collected 645 gold pieces.

Inventory:

Hand Weapons
 v - a +0 rapier (weapon)
Armour
 a - a +0 robe (worn)
Magical Staves
 b - a staff of death
Jewellery
 f - a ring of willpower
 k - a +4 ring of protection (right hand)
 m - a ring of wizardry (left hand)
 n - a +4 ring of protection
 s - a +6 ring of dexterity
 t - an amulet of magic regeneration (around neck)
 y - a +4 ring of slaying
Wands
 j - a wand of acid (15)
 o - a wand of mindburst (38)
 r - a wand of flame (22)
Scrolls
 c - 2 scrolls of noise
 d - a scroll of blinking
 e - a scroll of fog {unknown}
 g - 2 scrolls of amnesia {unknown}
 h - 3 scrolls of immolation
 l - 2 scrolls of teleportation
 p - a scroll of identify
 u - a scroll of enchant armour {unknown}
 w - a scroll of poison
 x - a scroll of revelation
Potions
 i - a potion of might
 q - 2 potions of attraction
 z - a potion of resistance


   Skills:
 - Level 2.4 Dodging
 - Level 2.4 Stealth
 + Level 10.2 Spellcasting
 + Level 11.4 Conjurations
 + Level 1.6 Translocations
 + Level 8.8 Earth Magic
 + Level 1.7 Invocations


You had 14 spell levels left.
You knew the following spells:

 Your Spells              Type           Power      Damage    Failure   Level
a - Magic Dart            Conj           100%       1d8       1%          1
b - Stone Arrow           Conj/Erth      100%       3d13      1%          3
c - Brom's Barrelling Bo  Conj/Erth      59%        2d7       1%          4
d - Petrify               Alch/Erth      34%        N/A       3%          4
e - Sandblast             Erth           100%       2d20      1%          1
f - Blink                 Tloc           42%        N/A       1%          2

Your spell library contained the following spells:

 Spells                   Type           Power      Damage    Failure   Level
 Lesser Beckoning         Tloc           42%        N/A       1%          2
 Passwall                 Erth           54%        N/A       1%          3
 Call Imp                 Summ           24%        N/A       3%          2
 Gell's Gravitas          Tloc           21%        N/A       3%          3
 Teleport Other           Tloc           21%        N/A       3%          3
 Dispersal                Tloc           10%        N/A       80%         6


Dungeon Overview and Level Annotations

Branches:
Dungeon (9/15)             Temple (1/1) D:5
   Lair: D:8-11         Orc: D:9-12

Altars:
Ashenzari
Cheibriados
Dithmenos
Elyvilon
Fedhas
Gozag
Hepliaklqana
Kikubaaqudgha
Makhleb
Nemelex Xobeh
Okawaru
Qazlal
Ru
Sif Muna
Trog
Uskayaw
Vehumet
Wu Jian
Xom
Yredelemnul
Zin
The Shining One

Annotations:
D:5 2 transporters, Menkaure
D:6 2 transporters, tmcgee265's ghost, novice FoBr


Message History

Casting: Stone Arrow (safe; 1% risk of failure)
Confirm with . or Enter, or press ? or * to list all spells.
Aiming: Brom's Barrelling Boulder (safe; 1% risk of failure)
Press: ? - help, Dir - move target, f - centaur
Aim: a centaur, wielding a +0 orcbow (100% to hit)
You send a boulder barrelling forward!
The centaur shoots an arrow.
The arrow hits your boulder!
The centaur shoots an arrow.
The arrow hits your boulder but does no damage.
The centaur shoots an arrow.
The arrow hits your boulder!
The centaur shoots an arrow.
The arrow hits you!
Casting: Brom's Barrelling Boulder (safe; 1% risk of failure)
Confirm with . or Enter, or press ? or * to list all spells.
Aiming: Brom's Barrelling Boulder (safe; 1% risk of failure)
Press: ? - help, Dir - move target, f/p - centaur
Aim: a centaur, wielding a +0 orcbow (ally target, 100% to hit)
You send a boulder barrelling forward!
The centaur shoots an arrow.
The arrow hits your boulder but does no damage.
The centaur shoots an arrow.
The arrow hits your boulder!
Casting: Brom's Barrelling Boulder (safe; 1% risk of failure)
Confirm with . or Enter, or press ? or * to list all spells.
Aiming: Petrify (dangerous; 3% risk of failure)
Press: ? - help, Shift-Dir - straight line, f/p - centaur
Aim: a centaur, wielding a +0 orcbow (ally target, chance to affect: 62%)
Okay, then.
Casting: Petrify (dangerous; 3% risk of failure)
Confirm with . or Enter, or press ? or * to list all spells.
Okay, then.
Aiming: Stone Arrow (safe; 1% risk of failure)
Press: ? - help, Q - select action, (/) - cycle Shift-Dir - straight line, f - wight, p - centaur
Aim: a wight, wielding a +5 morningstar of freezing and wearing a +0 robe (ally target, 78% to hit)
The stone arrow hits the wight!
The wight is heavily damaged.
Your boulder crumbles as it rolls away.
Your boulder slams into a wall and explodes!
The rocky shrapnel hits you.
The centaur shoots an arrow.
The arrow hits you.
The wight hits you with a +5 morningstar of freezing!
* * * LOW HITPOINT WARNING * * *
You feel drained.
You die...

###.# #..# #...†..#
### #...
#.####†.....###....
#####
.###.#.>...........#
..............<.####
....#...#......##
...............###
......#.............
○○○°....#.###......
...c○.☼@z..........
###..#####.#.....).
##. ####?.....## #
...........# #
.......$...#.#
....z...#....#
(.......#....##
...............
....(...###.>.#


You could see a centaur and a wight.

Vanquished Creatures
  A gargoyle (D:8)
  A troll (D:7)
  Sigmund (D:6)
  A yak (D:8)
  2 wyverns
  A water moccasin (D:5)
  An ice beast (D:8)
  A sky beast (D:7)
  2 black bears
  An ogre (D:5)
  2 phantoms (D:5)
  2 bullfrogs (D:8)
  2 kobold brigands (D:8)
  3 scorpions (D:6)
  3 wights
  22 killer bees
  8 howler monkeys
  2 electric eels (D:6)
  3 bombardier beetles
  A jelly (D:7)
  5 hounds
  3 orc priests
  3 iguanas
  6 orc wizards
  2 sleepcaps (D:7)
  11 gnolls (D:4)
  4 adders
  A shadow imp (D:6)
  6 ufetubi
  A ribbon worm (D:4)
  14 dart slugs
  23 orcs
  4 ball pythons
  5 endoplasms
  7 giant cockroaches
  27 goblins
  30 hobgoblins
  9 jackals
  7 quokkas
  4 bats
  2 frilled lizards (D:1)
  12 kobolds
  7 rats
253 creatures vanquished.

Vanquished Creatures (collateral kills)
  8 boulders
8 creatures vanquished.

Vanquished Creatures (others)
  20 boulders
20 creatures vanquished.

Grand Total: 281 creatures vanquished

Notes
Turn   | Place    | Note
-------+----------+-------------------------------------------
     0 | D:1      | MisterAzrael the Deep Elf Earth Elementalist began the
                  | quest for the Orb.
     0 | D:1      | Reached XP level 1. HP: 10/10 MP: 6/6
   191 | D:1      | Reached XP level 2. HP: 15/15 MP: 5/8
   305 | D:1      | Reached skill level 2 in Conjurations
   363 | D:1      | Found a faded altar of an unknown god.
   945 | D:1      | Reached XP level 3. HP: 19/19 MP: 7/10
  1408 | D:2      | Reached skill level 3 in Conjurations
  1452 | D:2      | Learned a level 3 spell: Stone Arrow
  1586 | D:2      | Reached XP level 4. HP: 24/24 MP: 8/11
  1705 | D:2      | Learned a level 4 spell: Brom's Barrelling Boulder
  2780 | D:4      | Reached XP level 5. HP: 23/28 MP: 9/13
  2821 | D:4      | Reached skill level 4 in Conjurations
  2912 | D:4      | Identified the +10 plate armour of the Apprentice {Rampage
                  | Will- MP+9 Str-2}
  3010 | D:4      | You fall into a shaft and drop 3 floors!
  3034 | D:5      | Entered Level 5 of the Dungeon
  3579 | D:4      | Reached XP level 6. HP: 32/32 MP: 9/15
  3722 | D:4      | Reached skill level 5 in Spellcasting
  4163 | D:4      | Reached skill level 5 in Conjurations
  4440 | D:4      | Reached skill level 5 in Earth Magic
  4964 | D:5      | Identified the +8 chain mail of Focus {Fly Int+4 Dex+5
                  | Slay-5}
  5030 | D:5      | Reached XP level 7. HP: 36/36 MP: 6/17
  5165 | D:5      | Reached skill level 6 in Conjurations
  5257 | D:5      | Found a staircase to the Ecumenical Temple.
  5287 | Temple   | Entered the Ecumenical Temple
  5306 | Temple   | Became a worshipper of Sif Muna the Loreminder
  5435 | D:5      | Found a basalt altar of Yredelemnul.
  5435 | D:5      | Found an ancient bone altar of Kikubaaqudgha.
  5436 | D:5      | Noticed Menkaure
  5436 | D:5      | Noticed a wraith
  5543 | D:4      | Learned a level 4 spell: Petrify
  5609 | D:5      | Found a transporter.
  5629 | D:5      | Reached skill level 7 in Conjurations
  5772 | D:5      | Reached XP level 8. HP: 26/41 MP: 13/20
  5934 | D:5      | Found a transporter.
  6372 | D:5      | Reached skill level 8 in Conjurations
  6479 | D:6      | Learned a level 1 spell: Magic Dart
  6694 | D:6      | Found a hide-covered altar of Uskayaw.
  6812 | D:6      | Found a transporter.
  6821 | D:6      | Noticed tmcgee265's ghost (novice FoBr)
  6849 | D:6      | Found a transporter.
  6856 | D:6      | Noticed Sigmund
  6861 | D:6      | Killed Sigmund
  6950 | D:6      | Found a radiant altar of Vehumet.
  7067 | D:6      | Reached * piety under Sif Muna
  7081 | D:6      | Reached skill level 9 in Conjurations
  7348 | D:7      | Noticed a troll
  7355 | D:7      | Killed a troll
  7356 | D:7      | Reached XP level 9. HP: 45/45 MP: 15/23
  7849 | D:7      | Identified the +3 war axe of Tiggusikh {freeze, Int+8
                  | Dex-3}
  7959 | D:7      | Reached skill level 10 in Conjurations
  8354 | D:8      | Noticed a gargoyle
  8373 | D:8      | Killed a gargoyle
  8499 | D:7      | Learned a level 2 spell: Blink
  8788 | D:8      | Reached ** piety under Sif Muna
  8807 | D:8      | Reached skill level 11 in Conjurations
  9034 | D:8      | Reached XP level 10. HP: 50/50 MP: 15/25
  9494 | D:8      | Reached skill level 10 in Spellcasting
  9930 | D:8      | Reached skill level 1 in Invocations
 10014 | D:8      | Reached skill level 1 in Translocations
 10698 | D:9      | Reached *** piety under Sif Muna
 10724 | D:9      | HP: 1/50 [wight/+5 morningstar of freezing (16)]
 10724 | D:9      | Slain by a wight

Illustrated notes

Levels and vault maps discovered:
D:1:      minmay_arrival_semitransparent, layout_loops_corners,
          ebering_ecumenical_altar_abandoned
D:2:      layout_basic
D:3:      layout_rooms, dk_noncrumbling_3
D:4:      minmay_goblin_kobold_castle, layout_cave_pools, minivault_4,
          minmay_curled_crystal
D:5:      layout_basic, gammafunk_temple_of_torment, minmay_temple_entry_waves
D:6:      kennysheep_slugbush, layout_cave_pools, nicolae_vehumet_altar_sigil,
          mainiacjoe_overflow_catwalk, gammafunk_ghost_stat_death,
          kennysheep_small_circle, uniq_sigmund
D:7:      layout_cave_pools
D:8:      minmay_recursive_quarters, layout_basic
D:9:      layout_rooms, david_orc_5
Temple:   compressed_dpeg_circular_temple

Skill      XL: |  1  2  3  4  5  6  7  8  9 10 |
---------------+-------------------------------+-----
Conjurations   | 2 3 4 5 7 9 11 | 11.4
Earth Magic    | 4 5 6 7 8 |  8.8
Spellcasting   | 4 5 6 8 9 10 | 10.2
Invocations    | 1 |  1.7
Translocations | 1 |  1.6
Dodging        | |  2.4
Stealth        | |  2.4

Action                     |  1- 3 |  4- 6 |  7- 9 | 10-12 || total
---------------------------+-------+-------+-------+-------++-------
  Melee: Unarmed           |     4 |     1 |       |       ||     5
         Rapier            |       |     1 |    13 |       ||    14
   Cast: Sandblast         |    72 |   118 |    16 |       ||   206
         Stone Arrow       |       |     9 |    65 |    36 ||   110
         Brom's Barrelling |       |     8 |    39 |    11 ||    58
         Petrify           |       |       |     9 |     2 ||    11
         Magic Dart        |       |       |    62 |       ||    62
         Blink             |       |       |       |     3 ||     3
    Use: Scroll            |       |     9 |     6 |     3 ||    18
         Potion            |       |     4 |     6 |     1 ||    11
   Stab: Sleeping          |     1 |       |       |       ||     1
 Armour: Robe              |    18 |    87 |   157 |    40 ||   302
  Dodge: Dodged            |    23 |    95 |   104 |    38 ||   260

Table legend: (Time is in decaauts)
 A = Elapsed time spent in this place.
 B = Non-inter-level travel time spent in this place.
 C = Inter-level travel time spent in this place.
 D = Time resting spent in this place.
 E = Time spent auto-exploring this place.
 F = Levels seen in this place.
 G = Mean time per level.
                   A        B        C        D        E       F      G
               +--------+--------+--------+--------+--------+-----+--------+
         Total |  10860 |  10655 |    205 |   2607 |   5303 |  10 | 1086.0 |
       Dungeon |  10831 |  10626 |    205 |   2607 |   5303 |   9 | 1203.4 |
        Temple |     28 |     28 |      0 |      0 |      0 |   1 |   28.0 |
               +--------+--------+--------+--------+--------+-----+--------+

Top non-repeatable levels by time:
     D:8: 2075 daAuts
     D:4: 2005 daAuts
     D:5: 1604 daAuts
     D:1: 1118 daAuts
     D:7: 1018 daAuts
     D:6: 1012 daAuts
     D:2: 927 daAuts
     D:3: 907 daAuts
     D:9: 162 daAuts
  Temple: 28 daAuts
